 Dungeon Crawl Stone Soup version 0.30.0-19-g36f170ea60 (webtiles) character file.

Game seed: 6616698153739848630

654 AlmostDecent the Digger (level 7, 0/36 HPs)
             Began as a Gargoyle Earth Elementalist on May 26, 2023.
             Was an Initiate of Vehumet.
             Slain by an ogre
             ... wielding a +0 giant club
              (36 damage)
             ... on level 4 of the Dungeon.
             The game lasted 00:11:03 (3887 turns).

AlmostDecent the Digger (GrEE)                      Turns: 3887, Time: 00:11:04

Health: 0/36       AC:  6    Str: 11    XL:     7   Next: 54%
Magic:  12/14      EV: 12    Int: 18    God:    Vehumet [......]
Gold:   201        SH:  0    Dex: 10    Spells: 10/16 levels left

rFire   . . .        f - staff of conjuration
rCold   . . .        (no shield)
rNeg    + . .        a - +0 robe
rPois   ∞            (no helmet)
rElec   +            (no cloak)
rCorr   .            (no gloves)
SInv    .            (no boots)
Will    .....        (no amulet)
Stlth   ++           (no ring)
HPRegen 0.26/turn    (no ring)
MPRegen 0.14/turn

%: no passive effects
@: no status effects
A: sickness immunity, AC +4, negative energy resistance 1, electricity
resistance, torment resistance 1, petrification resistance
a: Renounce Religion


You were on level 4 of the Dungeon.
You worshipped Vehumet.
Vehumet was noncommittal.
You visited 1 branch of the dungeon, and saw 4 of its levels.

You collected 201 gold pieces.

Inventory:

Hand Weapons
 c - a +0 dagger
 l - a +0 dagger of speed
 n - a +0 club
Armour
 a - a +0 robe (worn)
Magical Staves
 f - a staff of conjuration (weapon)
Jewellery
 h - an amulet of reflection
Wands
 o - a wand of digging (6)
Scrolls
 i - a scroll of amnesia {unknown}
 j - 5 scrolls of identify {unknown}
 m - a scroll of teleportation {unknown}
Potions
 b - a potion of magic
 d - 3 potions of curing
 e - 2 potions of heal wounds {unknown}
 g - 2 potions of might {unknown}
 k - a potion of berserk rage {unknown}


   Skills:
 + Level 1.7 Dodging
 + Level 2.6 Stealth
 * Level 5.2 Spellcasting
 * Level 1.2 Conjurations
 + Level 0.7 Transmutations
 * Level 7.5 Earth Magic


You had 10 spell levels left.
You knew the following spells:

 Your Spells              Type           Power      Damage    Failure   Level
a - Sandblast             Erth           62%        2d14      1%          1
b - Stone Arrow           Conj/Erth      60%        3d10      6%          3
c - Searing Ray           Conj           26%        2d5       12%         2

Your spell library contained the following spells:

 Spells                   Type           Power      Damage    Failure   Level
 Passwall                 Tmut/Erth      15%        N/A       3%          2
 Magic Dart               Conj           52%        1d5       8%          1
 Petrify                  Tmut/Erth      19%        N/A       24%         4
 Fulminant Prism          Conj/Hex       5%         3d7       69%         4


Dungeon Overview and Level Annotations

Branches:
Dungeon (4/15)
 Temple: D:4-7

Altars:
Vehumet


Innate Abilities, Weirdness & Mutations

You are immune to sickness and miasma.
Your stone body is resilient. (AC +4)
You are immune to poison.
You resist negative energy. (rN+)
You are resistant to electric shocks. (rElec)
You are resistant to unholy torment.
You are immune to petrification.


Message History

You kill the bullfrog!
The jelly barely misses you.
The blast of sand hits the jelly!!
You kill the jelly!
You see here a +0 dagger.
The blast of sand hits the endoplasm!
You kill the endoplasm!
HP restored.
Key pressed, stopping explore.
Unknown command.
Unknown command.
Unknown command.
There is a radiant altar of Vehumet here.
You kneel at the altar of Vehumet.
Vehumet welcomes you!
A goblin comes into view. It is wielding a +0 dagger.
The blast of sand hits the goblin!
You kill the goblin!
Vehumet accepts your kill.
An endoplasm comes into view.
You can't see any susceptible monsters within range! (Use Z to cast anyway.)
The blast of sand hits the endoplasm.
You kill the endoplasm!
Vehumet accepts your kill.
No target in view!
You can't see any susceptible monsters within range! (Use Z to cast anyway.)
You now have 201 gold pieces (gained 4).
You open the door.
There is an open door here.
An ogre comes into view. It is wielding a +0 giant club.
You can't see any susceptible monsters within range! (Use Z to cast anyway.)
The ogre shouts!
The blast of sand hits the ogre.
The ogre is moderately wounded.
The blast of sand hits the ogre!
The ogre is severely wounded.
A ball python comes into view.
The ogre hits you with a +0 giant club!!!
Ouch! That really hurt!
You die...

##.# .S.## ##...## .....
##.###...#####
.............# #.# #.####O#
#.....@# ######.#
####.##### #........#
#######.##.###.#
#.......##.# #.#
#.####..##.###.## ###
#.#.............## ###.####
#.#.##..#...##...###.......


You could see an ogre and a ball python (wandering).

Vanquished Creatures
  A phantom (D:4)
  A bullfrog (D:4)
  A scorpion (D:4)
  A jelly (D:4)
  An orc priest (D:4)
  A hound (D:4)
  Natasha (thrice) (D:2)
  2 orc wizards (D:3)
  Robin (D:3)
  7 gnolls (D:3)
  5 adders
  An ufetubus (D:4)
  A worm (D:2)
  A dart slug (D:4)
  10 orcs
  8 bats
  6 endoplasms
  4 giant cockroaches
  18 goblins
  8 hobgoblins
  4 jackals (D:1)
  2 quokkas (D:1)
  4 ball pythons
  5 frilled lizards
  10 kobolds
  8 rats
114 creatures vanquished.

Notes
Turn   | Place    | Note
-------+----------+-------------------------------------------
     0 | D:1      | AlmostDecent the Gargoyle Earth Elementalist began the
                  | quest for the Orb.
     0 | D:1      | Reached XP level 1. HP: 10/10 MP: 3/3
    53 | D:1      | Reached XP level 2. HP: 15/15 MP: 0/5
   542 | D:1      | Reached skill level 4 in Earth Magic
   542 | D:1      | Reached XP level 3. HP: 19/19 MP: 5/7
   617 | D:1      | Learned a level 3 spell: Stone Arrow
   620 | D:1      | Learned a level 2 spell: Searing Ray
  1093 | D:2      | Noticed Natasha
  1096 | D:2      | Killed Natasha
  1097 | D:2      | Reached XP level 4. HP: 19/24 MP: 4/8
  1367 | D:2      | Reached skill level 5 in Earth Magic
  1433 | D:2      | Noticed Natasha
  1437 | D:2      | Killed Natasha
  1438 | D:2      | Reached XP level 5. HP: 23/28 MP: 6/10
  1477 | D:2      | Noticed Natasha
  1483 | D:2      | Killed Natasha
  2106 | D:3      | Reached XP level 6. HP: 27/32 MP: 6/12
  2112 | D:3      | Reached skill level 6 in Earth Magic
  2534 | D:3      | Noticed Robin
  2545 | D:3      | Killed Robin
  3512 | D:4      | Reached XP level 7. HP: 36/36 MP: 11/14
  3515 | D:4      | Reached skill level 1 in Conjurations
  3584 | D:4      | Reached skill level 7 in Earth Magic
  3606 | D:4      | Found a radiant altar of Vehumet.
  3627 | D:4      | Reached skill level 5 in Spellcasting
  3737 | D:4      | Became a worshipper of Vehumet
  3887 | D:4      | Slain by an ogre

Illustrated notes

Levels and vault maps discovered:
D:1:      minmay_arrival_four_houses, layout_loops_ring, chequers_garden,
          chequers_serial_rivers_large_a, minmay_split_cup_small
D:2:      layout_rooms, uniq_natasha
D:3:      layout_basic, uniq_robin
D:4:      layout_loops_corners, mainiacjoe_overflow_catwalk,
          gammafunk_ghost_necromancy, chequers_serial_rivers_small_b,
          uniq_menkaure

Skill      XL: |  1  2  3  4  5  6  7 |
---------------+----------------------+-----
Earth Magic    | 4 5 6 7 |  7.5
Spellcasting   | 3 4 5 |  5.2
Conjurations   | 1 |  1.2
Dodging        | |  1.7
Stealth        | |  2.6
Transmutations | |  0.7

Action                     |  1- 3 |  4- 6 |  7- 9 || total
---------------------------+-------+-------+-------++-------
  Melee: Dagger            |    19 |       |       ||    19
         Staff             |       |    25 |       ||    25
   Cast: Sandblast         |    37 |   100 |    21 ||   158
    Use: Potion            |       |     1 |       ||     1
 Armour: Robe              |    13 |    23 |     7 ||    43
  Dodge: Dodged            |    15 |    29 |    13 ||    57
